Cogmind - Beta 9.6 @@@ ROGUE MODE // 2020.09.07 @ 08:53:43 Player: Calanor Result: Destroyed by YI-UF0 with YI-UF0's Doublenader Performance ------------- Evolutions (0) 0 Regions Visited (2) 400 Robots Destroyed (48) 240 Value Destroyed (914) 914 Prototype IDs (4) 80 Alien Tech Used (0) 0 Bonus (0) 0 TOTAL SCORE: 1634 Bonus ------- None Cogmind --------- Core Integrity 0/250 Matter 71/300 Energy 265/265 System Corruption 2% Temperature Cool (6) Movement Treading (160) Location -10/Mines Parts ------- > --- POWER (1) -------- Improved Ion Engine > --- PROPULSION (2) --- Light Treads Light Treads > --- UTILITY (2) ------ Medium Storage Unit Structural Scanner > --- WEAPON (2) ------- Rocket Launcher > --- INVENTORY (8) ---- Light Treads High-capacity Battery (400) Assault Rifle Assault Rifle Assault Rifle Assault Rifle Rocket Launcher Rocket Launcher Peak State ------------ > --- POWER ------------ Improved Ion Engine > --- PROPULSION ------- Light Treads Light Treads > --- UTILITY ---------- Medium Storage Unit Structural Scanner > --- WEAPON ----------- Rocket Launcher Rocket Launcher > --- INVENTORY -------- Light Treads High-capacity Battery Assault Rifle Assault Rifle Assault Rifle Assault Rifle Rocket Launcher Rocket Launcher [Rating: 11] Favorites ----------- Power Ion Engine Engine Ion Engine Propulsion Light Treads Treads Light Treads Wheel Compact Wheel Utility Structural Scanner Device Structural Scanner Storage Small Storage Unit Weapon Assault Rifle Energy Gun Small Laser Energy Cannon Beam Cannon Ballistic Gun Assault Rifle Launcher Rocket Launcher Build | -11 -10 -10 ------- Run | Scr Mat Min Slots Evolved . | . . . Power . | . . . Propulsion . | . . . Utility . | . . . Weapon . | . . . Parts Attached 37 | 7 22 8 Power 4 | 1 2 1 Engine 4 | 1 2 1 Core . | . . . Reactor . | . . . Propulsion 5 | 2 2 1 Treads 3 | . 2 1 Leg . | . . . Wheel 2 | 2 . . Hover . | . . . Flight . | . . . Utility 4 | 2 2 . Device 2 | 1 1 . Storage 2 | 1 1 . Processor . | . . . Hackware . | . . . Protection . | . . . Artifact . | . . . Weapon 24 | 2 16 6 Energy Gun 3 | 2 1 . Energy Cannon 1 | . 1 . Ballistic Gun 10 | . 8 2 Ballistic Cannon . | . . . Launcher 10 | . 6 4 Special Weapon . | . . . Impact Weapon . | . . . Slashing Weapon . | . . . Piercing Weapon . | . . . Special Melee Weapon . | . . . Unidentified Prototypes . | . . . Parts Lost 6 | . 5 1 Power . | . . . Propulsion 2 | . 2 . Utility 1 | . 1 . Weapon 3 | . 2 1 Highest Loss Streak 3 | . 3 1 Average Slot Usage (%) 97 | . 97 100 Engine 14 | . 14 14 Treads 20 | . 19 28 Wheel 7 | . 8 . Device 12 | . 12 14 Storage 14 | . 14 14 Energy Gun 4 | . 5 . Energy Cannon 2 | . 2 . Ballistic Gun 15 | . 14 23 Launcher 4 | . 4 4 Naked Turns . | . . . Heaviest Build 22 | 12 22 22 Greatest Support 40 | 32 40 40 Greatest Overweight (x) . | . . . Average Overweight (x) . | . . . Largest Inventory Capacity 8 | 6 8 8 Average Capacity 6 | 5 6 8 Most Carried 8 | 6 8 8 Average Carried 6 | 3 6 8 Final Capacity 8 | 6 8 8 Final Carried 8 | 4 8 8 Class Distribution -------------------- 93% | Mutant 6% | Scavenger-Mutant Dominant Class ---------------- Mutant | -10/Materials Scavenger-Mutant | -10/Mines Resources | -11 -10 -10 ----------- Run | Scr Mat Min Matter Collected 910 | 270 492 148 Remotely . | . . . Salvage Created 1287 | 172 920 195 Parts 106 | 17 73 16 Haulers Intercepted 1 | . 1 . Recyclers Shooed 2 | . 2 . Parts Field Recycled . | . . . Retrieved Matter . | . . . Parts Self-Destructed . | . . . Prevented . | . . . Kills | -11 -10 -10 ------- Run | Scr Mat Min Combat Hostiles Destroyed 23 | . 19 4 Guns 8 | . 6 2 Cannons 3 | . 3 . AOE 12 | . 10 2 Classes Destroyed 10 | 2 7 1 Worker 3 | . 2 1 Builder 9 | . 7 2 Tunneler 6 | 4 2 . Hauler 1 | . 1 . Recycler 2 | 1 1 . Mechanic 1 | . 1 . Watcher 3 | . 3 . Swarmer 6 | . 6 . Grunt 15 | . 13 2 Sentry 2 | . . 2 Best Kill Streak 6 | 5 6 4 Combat Bots Only 6 | . 6 3 Max Kills in Single Turn 3 | 1 3 1 Gunslinging . | . . . Exploded 3 | . 3 1 Melee . | . . . Uniques/NPCs Destroyed . | . . . Combat | -11 -10 -10 -------- Run | Scr Mat Min Damage Taken 1148 | . 799 349 Core 257 | . 198 59 Absorbed by Shields . | . . . Core Remaining (%) 100 | 100 . . Volleys Fired 138 | 9 105 24 Largest 2 | 2 2 2 Hottest 100 | 80 100 66 Shots Fired 257 | 18 191 48 Gun 191 | 18 135 38 Cannon 43 | . 43 . Launcher 23 | . 13 10 Special . | . . . Kinetic 121 | . 83 38 Thermal 113 | 18 95 . Explosive 23 | . 13 10 Electromagnetic . | . . . Robot Hit Streak 14 | 14 7 7 Robot Miss Streak 4 | . 4 3 Penetration Max . | . . . Secondary Targets 2 | . 2 . Max Gunslinging Chain 1 | . 1 . Shots Hit Robots 142 | 14 101 27 Core Hits 78 | 6 57 15 Critical Hits . | . . . Critical Kills . | . . . Critical Parts Destroyed . | . . . Melee Attacks . | . . . Impact . | . . . Slashing . | . . . Piercing . | . . . Sneak Attacks . | . . . Combat Hostiles . | . . . Follow-up Attacks . | . . . Damage Inflicted 2588 | 156 1943 489 Guns 1151 | 156 787 208 Cannons 350 | . 350 . Explosions 1087 | . 806 281 Melee . | . . . Ramming . | . . . Kinetic 611 | . 403 208 Thermal 890 | 156 734 . Explosive 1087 | . 806 281 Electromagnetic . | . . . Impact . | . . . Slashing . | . . . Piercing . | . . . Highest Corruption 2 | . 2 2 Average Corruption 2 | . 2 2 Corruption Purged . | . . . Effects 20 | . 17 3 Message Errors 7 | . 5 2 Heat Flow Errors 1 | . 1 . Energy Discharges 4 | . 4 . Data Loss (minor) 2 | . 1 1 Targeting Errors 5 | . 5 . Weapon Failures 1 | . 1 . Overload Shots . | . . . Overflow Damage 63 | . 26 37 Projectiles . | . . . Explosions 63 | . 26 37 Melee . | . . . Knockbacks . | . . . Impact . | . . . Kinetic . | . . . Secondary . | . . . Self-Inflicted Damage 52 | . 15 37 Shots 3 | . 2 1 Rammed . | . . . Targets Rammed . | . . . Kicked . | . . . Crushed . | . . . Highest Temperature 392 | 128 392 27 Average Temperature 129 | 66 143 15 Received Heat Transfer 468 | . 366 102 Effects 4 | . 4 . Energy Bleed 2 | . 2 . Interference 2 | . 2 . Siege Activations . | . . . Robots Corrupted . | . . . Combat Hostiles . | . . . Parts Fried . | . . . Impact Corruptions . | . . . Robots Melted . | . . . Combat Hostiles . | . . . Parts Melted 3 | 1 2 . Heat Transferred 1965 | 350 1615 . Parts Sabotaged . | . . . Parts Stolen . | . . . Parts Stripped . | . . . Power Chain Reactions . | . . . Missiles Intercepted . | . . . Alert | -11 -10 -10 ------- Run | Scr Mat Min Peak Influence 281 | 25 281 153 Average Influence 76 | 15 77 120 Maximum Alert Level 1 | . 1 . Low Security (%) 91 | 100 88 100 Level 1 8 | . 11 . Level 2 . | . . . Level 3 . | . . . Level 4 . | . . . Level 5 . | . . . High Security . | . . . Max Security . | . . . Squads Dispatched 4 | . 4 . Investigation 3 | . 3 . Extermination . | . . . Reinforcement 1 | . 1 . Assault . | . . . Garrison . | . . . Intercept . | . . . Construction Impeded . | . . . Haulers Reinforced . | . . . Stealth | -11 -10 -10 --------- Run | Scr Mat Min Distress Signals 2 | . 2 . Communications Jammed . | . . . Distress Signals . | . . . Times Spotted 34 | . 28 6 Peak Tracking Total 7 | . 7 4 Tactical Retreats 1 | . . 1 Traps | -11 -10 -10 ------- Run | Scr Mat Min Traps Triggered 2 | . 2 . Indirectly . | . . . Trap Hack Attempts . | . . . Triggered . | . . . Disarmed . | . . . Reprogrammed . | . . . Reused . | . . . Traps Extracted . | . . . Installed . | . . . Triggered . | . . . Machines | -11 -10 -10 ---------- Run | Scr Mat Min Machines Disabled 7 | . 4 3 Max in Single Turn 2 | . 1 2 Machines Sabotaged . | . . . Garrisons Compromised . | . . . Overloaded Fab Kills . | . . . Fab Network Shutdowns . | . . . Hacking | -11 -10 -10 --------- Run | Scr Mat Min Machines Accessed 4 | . 4 . Terminals 4 | . 4 . Fabricators . | . . . Repair Stations . | . . . Recycling Units . | . . . Scanalyzers . | . . . Garrison Access . | . . . Total Hacks 16 | . 16 . Successful 10 | . 10 . Failed 6 | . 6 . Catastrophic . | . . . Database Lockouts . | . . . Manual . | . . . Terminals 16 | . 16 . Fabricators . | . . . Repair Stations . | . . . Recycling Units . | . . . Scanalyzers . | . . . Garrison Access . | . . . Terminal Hacks 10 | . 10 . Record 1 | . 1 . Prototype ID Bank 3 | . 3 . Branch Access Points 1 | . 1 . Alert Level 1 | . 1 . Unreport Threat 2 | . 2 . Hauler Manifests 1 | . 1 . Zone Layout 1 | . 1 . Fabricator Hacks . | . . . Repair Station Hacks . | . . . Recycling Unit Hacks . | . . . Scanalyzer . | . . . Garrison Access Hacks . | . . . Unauthorized Hacks . | . . . Terminals . | . . . Fabricators . | . . . Repair Stations . | . . . Recycling Units . | . . . Scanalyzers . | . . . Garrison Access . | . . . Data Cores Recovered . | . . . Used . | . . . Hacking Detections 3 | . 3 . Full Trace Events 2 | . 2 . Feedback Events . | . . . Feedback Blocked . | . . . Robot Schematics Acquired . | . . . Robots Built . | . . . Matter . | . . . Time . | . . . Total Robot Build Rating . | . . . Part Schematics Acquired . | . . . Parts Built . | . . . Matter . | . . . Time . | . . . Total Part Build Rating . | . . . Parts Repaired . | . . . Time . | . . . Parts Recycled . | . . . Recycled Matter . | . . . Retrieved Matter . | . . . Retrieved Components . | . . . Parts Scanalyzed . | . . . Part Schematics Acquired . | . . . Parts Damaged . | . . . Bothacking | -11 -10 -10 ------------ Run | Scr Mat Min Used RIF Installer . | . . . Robots Hacked . | . . . Non-combat . | . . . Combat . | . . . Robot Hacks Applied . | . . . Relay Couplers Released . | . . . Robots Rewired . | . . . Allies Hacked . | . . . Hacks Repelled . | . . . Allies | -11 -10 -10 -------- Run | Scr Mat Min Total Allies . | . . . Largest Group . | . . . Highest-Rated Group . | . . . Highest-Rated Ally . | . . . Total Orders . | . . . Ally Attacks . | . . . Total Damage . | . . . Kills . | . . . Allies Corrupted . | . . . Allies Melted . | . . . Intel | -11 -10 -10 ------- Run | Scr Mat Min Robot Analysis Total . | . . . Derelict Logs Recovered . | . . . Drone Launches . | . . . Drone Recoveries . | . . . Exploration | -11 -10 -10 ------------- Run | Scr Mat Min Turns Passed 1740 | 158 1398 184 Spaces Moved 906 | 114 730 62 Core 2 | 2 . . Treads 541 | . 479 62 Legs . | . . . Wheels 363 | 112 251 . Hover . | . . . Flight . | . . . Fastest Speed 50 | 50 100 160 Average Speed 135 | 99 139 160 Slowest Speed 160 | 100 160 160 Overloaded Moves . | . . . Propulsion Burnouts . | . . . Robots Hopped . | . . . Cave-ins Triggered . | . . . Exploration Rate (%) 30 | 4 70 17 Regions Visited 2 Branch Regions 1 Pre-discovered Areas . | . . . Known Exits Taken 1 | . 1 . Unknown Exits Taken 1 | 1 . . Scrap Searched . | . . . Spaces Dug . | . . . Terrain Destroyed 146 | . 53 93 Melee . | . . . Projectile . | . . . AOE 146 | . 53 93 Actions | -11 -10 -10 --------- Run | Scr Mat Min Total 1159 | 140 922 97 Wait 32 | . 31 1 Move 904 | 113 729 62 Hop . | . . . Pick Up 31 | 11 20 . Fast Attach 1 | . 1 . Attach 12 | 7 5 . Detach . | . . . Swap 24 | . 16 8 Drop 17 | . 15 2 Fire 138 | 9 105 24 Melee . | . . . Ram . | . . . Kick . | . . . Crush . | . . . Escape Stasis . | . . . Rewire . | . . . Trap . | . . . Miscellaneous . | . . . Route ------- -11/Scrapyard -10/Materials (discovered 3 exits: [*Mat x2] / *Min) -10/Mines History --------- Turn | Location | Event 27 | -11/Scrapyard | Discovered new exit (range 16) 159 | -11/Scrapyard | Entered Materials 302 | -10/Materials | Build established: Mutant 550 | -10/Materials | Core integrity fell below 50% 588 | -10/Materials | Lost 3 parts (2n1w) 954 | -10/Materials | Identified exit to Mines 1150 | -10/Materials | Discovered new exit (range 5) 1245 | -10/Materials | Discovered new exit (range 13) 1557 | -10/Materials | Entered Mines 1614 | -10/Mines | Core integrity fell below 20% 1741 | -10/Mines | Destroyed by YI-UF0 with YI-UF0's Doublenader Last Messages --------------- U-05 Engineer lays Concrete. Destroyed Terrain Scanner. U-05 Engineer destroyed. The unstable cave ceiling collapses. Acquired 11 matter. The unstable cave ceiling collapses. Acquired 20 matter. Y9PDA XX,V/ASYLICMSEDA7L/S&4> The unstable cave ceiling collapses. K-01 Serf collects debris. K-01 Serf destroyed. Acquired 45 matter. Acquired 30 matter. The unstable cave ceiling collapses. Laser Drill disabled. The unstable cave ceiling collapses. YI-UF0: "BOOM!" Destroyed Lgt. Ion Engine. R-06 Scavenger destroyed. Rocket Launcher destroyed. Map ----- +----------------------------------------------------+ | ?????????????????????????????????????????? | | ?????????????????????????????????????????? | | ?????????????????????????????????????????? | | ?????????????????????????????????????????? | | ?????????????????????????????????????????? | | ?????????????????????????????????????????? | | ?????????????????????????????????????????? | | ?????????????????????????????????????????? | | ?????????????????????????????????????????? | | ?????????????????????????????????????????? | | ?????????????????????????????????????????? | | ?????????????????????????????????????????? | | ???????????????????????? ????????????????? | | ??????????????????????? #???????????????? | | ??????????????????????? ###?????????????? | | ?????????????????????? ??????????????? | | ?????????????????????? ???????????????? | | ??????????? ????????!! #???????????????? | | ????????"" """??###??= #???????????????? | | ????????"" """?? #? #????????????????? | | ?????????" """ ?# ## #????????????????? | | ????????? ## # ##????????????????? | | ???????""" """ #????????????????? | | ?????? """ """ = ##???????????????? | | ?????? """ """ %= g #???????????????? | | ???# @= #??????????????? | | ???? """ " [ #??????????????? | | ???# """ #??????????????? | | ????? """ # #???????????? | | ?????? ## ? ?????????? | | ??????##### #?? ?" "??????????? | | ????????## ! ##??? ""??????????? | | ????????#" * # !#????"" ?????????????? | | ????????# [ | ##?? ????????????? | | ????????#[] ! ### ## ###???????????? | | ????????# # #?????????????? | | ????????## # # #?????????????? | | ?????????# # # # #?????????????? | | ?????????##### #?????????????? | | ?????????????##### ## ## #????????????? | | ????????????????# # ### ###????????????? | | ????????????????### ?????????????????? | | ??????????????????# #??????????????????? | | ?????????????????? ?????????????????? | | ??????????????????##### ????????????????? | | ???????????????????????###???????????????? | | ?????????????????????????????????????????? | | ?????????????????????????????????????????? | | ?????????????????????????????????????????? | | ?????????????????????????????????????????? | +----------------------------------------------------+ Best States ------------- Heat Dissipation 25 Energy Generation 12 Energy Capacity 265 Matter Stores 300 Matter Capacity 300 Sight Range 16 Terrain Scan Range 16 Terrain Scan Density 10 Evasion (%) 40 Recoil Reduction 2 Item Schematics ----------------- None Robot Schematics ------------------ None Fabricated ------------ Nothing Alien Tech Used ----------------- None Achievements -------------- Everything Is Under Control Challenges ------------ None Game ------ Seed RegenerativeDynamicGuard Manual? 0 Play Time 00:24:53 Cumulative 6.0 hours Start 2020.09.07 @ 08:28:20 End 2020.09.07 @ 08:53:43 Sessions 1 Manual Loads 0 Difficulty Rogue Special Mode None Game No. 6 Rogue 6 Adventurer 0 Explorer 0 Win Type - Total 0 Types 0/0/0/0/0/0/0 Lore% 2 Gallery% 6 Achievement% 6 Wizard Run 0 Options --------- ASCII 0 Keyboard 0 Movement Numpad Keybinds 0 Fullscreen 1 Font 24/Terminus Map View 76x50 Tactical HUD 0 Map Filters NONE Filters NONE Steam 1 RUN: df879787-cd88-4e70-a9e0-9143fe18e8a7